Map: Bridgehead LE (Void)

Players

wabbajack

  • Race: Zerg Zerg
  • League: Silver

Pacifist - Winner!

  • Race: Zerg Zerg
  • League: Silver

VOD

Have the link to the VOD?

Description

Time

  • Played on: July 16, 2015, 7:53 p.m.
  • Length: 6:23
Show
View Real Time Build Order
Export as new Build Order

wabbajack Zerg 

Build Orders: Hatch First 

Get SALT Encoding   

  12  0:01  Drone  
  13  0:12  Drone  
  14  0:18  Drone, Extractor  
  15  0:26  Overlord  
  15  0:31  Extractor  
  15  0:33  Extractor  
  15  0:34  Drone  
  15  0:48  Drone x2  
  17  1:09  Hatchery  
  16  1:20  Spawning Pool  
  15  1:27  Drone x2  
  15  1:31  Drone  
  18  1:38  Drone  
  19  1:49  Drone  
  20  2:01  Overlord  
  20  2:06  Queen  
  22  2:10  Metabolic Boost  
  22  2:28  Spine Crawler  
  21  2:30  Queen  
  21  2:32  Drone x2  
  21  2:34  Drone  
  26  2:51  Roach Warren  
  26  2:56  Drone x4  
  29  2:59  Drone  
  29  3:04  Overlord  
  30  3:08  Overlord  
  30  3:32  Roach x2  
  30  3:33  Roach x4  
  44  3:48  Roach  
  44  3:49  Roach x4  
  44  3:51  Overlord  
  52  3:55  Extractor  
  52  3:56  Drone  
  53  4:14  Overlord  
  53  4:25  Zergling x14  
  53  4:28  Overlord  
  53  4:29  Overlord  
  60  4:44  Zergling x2  
  60  4:45  Zergling x10  
  59  5:09  Zergling x12  
  58  5:24  Queen  
  60  5:29  Drone x4  
  35  6:03  Zergling x2  
  36  6:04  Zergling x14  
Show
View Real Time Build Order
Export as new Build Order

Pacifist Zerg - Winner!

Build Orders: Hatch First 

Get SALT Encoding   

  12  0:01  Drone  
  13  0:10  Drone  
  14  0:36  Hatchery  
  14  0:40  Drone  
  14  0:59  Spawning Pool  
  13  1:10  Overlord  
  13  1:14  Drone  
  13  1:16  Extractor  
  13  1:20  Drone  
  14  1:30  Drone  
  16  1:32  Drone  
  16  1:45  Queen  
  18  1:51  Queen  
  20  1:55  Drone  
  20  1:59  Drone  
  22  2:05  Drone  
  22  2:07  Drone  
  24  2:14  Overlord  
  24  2:21  Metabolic Boost  
  24  2:31  Zergling x4  
  24  2:32  Zergling x2  
  24  2:35  Zergling x2  
  28  2:44  Drone  
  28  2:45  Drone x2  
  28  2:51  Baneling Nest  
  30  3:10  Overlord, Drone  
  30  3:11  Drone x4  
  35  3:19  Overlord  
  35  3:21  Zergling x2  
  36  3:34  Drone x3  
  39  3:36  Baneling x4  
  39  3:43  Zergling x2  
  39  3:44  Zergling x8  
  44  3:53  Overlord  
  44  3:54  Drone x3  
  47  4:06  Drone  
  47  4:07  Drone x3  
  51  4:19  Zergling x14  
  58  4:26  Zergling x2  
  58  4:27  Zergling x2  
  60  4:31  Roach Warren  
  59  4:39  Zergling x2  
  59  4:41  Overlord x2  
  59  4:44  Extractor  
  59  4:52  Queen  
  60  4:58  Zergling x4  
  59  5:04  Spine Crawler  
  59  5:05  Spine Crawler x2  
  53  5:12  Zergling x18  
  55  5:18  Roach x3  
  55  5:19  Roach  
  61  5:24  Roach  
  56  5:49  Drone x8  
  55  5:57  Extractor  
  55  5:58  Extractor  
  55  6:03  Roach x5  
Tags
 
Add a new tag
Caveats
  • Supply blocks, unpowered buildings, or Contaminate may cause inaccurate times.
  • Supply counts are checked every 10 seconds.